 Dungeon Crawl Stone Soup version 0.28-a0-1435-g82390b3a13 (webtiles) character file.

Game seed: 7771204389790073869

25 graki42 the Sneak (level 3, -2/24 HPs)
             Began as an Octopode Brigand on Jan 9, 2022.
             Slain by a hobgoblin (4 damage)
             ... on level 2 of the Dungeon.
             The game lasted 00:03:17 (738 turns).

graki42 the Sneak (Octopode Brigand)                 Turns: 738, Time: 00:03:17

Health: -2/24      AC:  1    Str: 10    XL:     3   Next: 6%
Magic:  3/3        EV: 13    Int: 13    God:
Gold:   31         SH:  0    Dex: 15    Spells: 2/2 levels left

rFire   . . .      SeeInvis .   a - +2 dagger
rCold   . . .      Faith    .   (no shield)
rNeg    . . .      Spirit   .   (helmet restricted)
rPois   .          Reflect  .   (no amulet)
rElec   .          Harm     .   (no ring)
rCorr   .          Rampage  .   (no ring)
Will    .....                   (no ring)
Stlth   ++++......              (no ring)
HPRegen 0.08/turn               (no ring)
MPRegen 0.08/turn               (no ring)
                                (no ring)
                                (no ring)

@: no status effects
A: almost no armour, amphibious, 8 rings, camouflage 1, gelatinous body 1,
(nimble swimmer 1), tentacles
a: no special abilities


You were on level 2 of the Dungeon.
You visited 1 branch of the dungeon, and saw 2 of its levels.

You collected 31 gold pieces.

Inventory:

Hand Weapons
 a - a +2 dagger (weapon)
Missiles
 b - 8 poisoned darts (quivered)
 c - 2 curare-tipped darts
Magical Staves
 g - a staff of air
Scrolls
 f - a scroll of fear {unknown}
Potions
 d - 2 potions of might {unknown}
 e - a potion of lignification {unknown}


   Skills:
 + Level 2.2 Fighting
 + Level 2.2 Short Blades
 + Level 2.2 Throwing
 + Level 1.4 Dodging
 + Level 5.7 Stealth


You had 2 spell levels left.
You didn't know any spells.
Your spell library was empty.

Dungeon Overview and Level Annotations

Branches:
Dungeon (2/15)

Altars:

Shops:
D:1 (:[=


Innate Abilities, Weirdness & Mutations

You cannot wear most types of armour.
You are amphibious.
You can wear up to eight rings at the same time.
Your skin changes colour to match your surroundings (Stealth+).
Your rubbery body absorbs attacks. (AC +1, EV +1)
((You are camouflaged when in or above water. (Stealth+)))
You have tentacles for arms and can constrict up to eight enemies at once.


Message History

A frilled lizard comes into view.
The adder bites you.
The frilled lizard hisses angrily.
You hit the adder. Your grab misses the adder.
The adder is lightly wounded.
The adder bites you.
You are poisoned.
The adder poisons you! The hobgoblin barely misses you.
You hit the adder. Your grab misses the adder.
The adder is moderately wounded.
You feel sick. The adder barely misses you. The hobgoblin hits you.
A goblin comes into view. It is wielding a +0 dagger.
The adder closely misses you.
You miss the adder.
The goblin shouts!
Your grab misses the adder.
The adder is moderately wounded.
You feel sick. The hobgoblin closely misses you. The adder bites you.
You are too injured to fight recklessly!
You are too injured to fight recklessly!
Unknown command.
You hit the adder. Your grab misses the adder.
The adder is heavily wounded.
You feel sick.
An adder comes into view.
The hobgoblin closely misses you. The adder bites you.
* * * LOW HITPOINT WARNING * * *
The adder moves out of view.
You hit the adder. Your grab misses the adder. Your squeeze misses the adder.
The adder is severely wounded.
You feel sick.
You are no longer poisoned.
The adder barely misses you. The kobold completely misses you.
The hobgoblin misses you.
You barely miss the adder. Your grab misses the adder.
The adder is severely wounded.
The adder bites you.
* * * LOW HITPOINT WARNING * * *
The kobold closely misses you. The hobgoblin hits you.
You die...

.....# .......########
#.#...(...........####
...........##..........
.............[.........
...................$...
...............Kg......
..............@S..g...
..............l.......
#.#...............
#<.#..#...........
##.##.##..........
#.##.....##.####.
#.....?### .# .........
.. #.....<.##


You could see an adder, a hobgoblin, a goblin, a kobold and a frilled lizard.

Vanquished Creatures
  A dart slug (D:1)
  3 ball pythons (D:1)
  A bat (D:1)
  An endoplasm (D:1)
  A giant cockroach (D:1)
  2 goblins (D:1)
  2 hobgoblins (D:1)
  3 kobolds (D:1)
  2 quokkas (D:1)
  2 frilled lizards (D:1)
  5 rats (D:1)
23 creatures vanquished.

Notes
Turn   | Place    | Note
-------+----------+-------------------------------------------
     0 | D:1      | graki42 the Octopode Brigand began the quest for the Orb.
     0 | D:1      | Reached XP level 1. HP: 14/14 MP: 1/1
    35 | D:1      | Found Ynysearuna's Book Boutique.
    86 | D:1      | Found Unuil's Weapon Boutique.
   110 | D:1      | Reached XP level 2. HP: 19/19 MP: 2/2
   166 | D:1      | Found Qowetafo's Antique Armour Shop.
   185 | D:1      | Found Taliv's Jewellery Emporium.
   386 | D:1      | Reached XP level 3. HP: 24/24 MP: 3/3
   738 | D:2      | Slain by a hobgoblin

Illustrated notes

Levels and vault maps discovered:
D:1:      lemuel_arrival_funnel, layout_loops_cross, serial_shops,
          nicolae_shop_stone, shop, nicolae_shop_competitors_out_of_business,
          shop
D:2:      layout_rooms, hangedman_feature_mirror, uniq_jessica, uniq_terence

Action                   || total
-------------------------++-------
Melee: Dagger            ||    34
       Constrict         ||     5
       Tentacles         ||     4
 Stab: Sleeping          ||    13
Armor: Skin              ||     1
Dodge: Dodged            ||    18

Table legend: (Time is in decaauts)
 A = Elapsed time spent in this place.
 B = Non-inter-level travel time spent in this place.
 C = Inter-level travel time spent in this place.
 D = Time resting spent in this place.
 E = Time spent auto-exploring this place.
 F = Levels seen in this place.
 G = Mean time per level.
                   A        B        C        D        E       F      G
               +--------+--------+--------+--------+--------+-----+--------+
         Total |    734 |    697 |     37 |      0 |    546 |   2 |  367.0 |
       Dungeon |    734 |    697 |     37 |      0 |    546 |   2 |  367.0 |
               +--------+--------+--------+--------+--------+-----+--------+

Top non-repeatable levels by time:
     D:1: 718 daAuts
     D:2: 16 daAuts
